TOP OF THE 1ST |
Toronto Blue Jays batting - Pitching for Texas Rangers : RHP Yonny Chirinos
|
Pitching: RHP Yonny Chirinos
|
|
Batting: LHB Dee Gordon
|
0-0: Foul Ball, location: 2F 0-1: Fly out, F8 (Flyball, 8LD)
|
Batting: RHB Elvis Andrus
|
0-0: DOUBLE (Line Drive, 7LM)
|
Batting: RHB Andrew McCutchen
|
0-0: Swinging Strike 0-1: Ball 1-1: Called Strike 1-2: Ball 2-2: Ball 3-2: Strikes out swinging
|
Batting: SHB Josh Bell
|
0-0: Ball 1-0: Called Strike 1-1: Fly out, F8 (Flyball, 8LXD)
|
Top of the 1st over - 0 runs, 1 hit, 0 errors, 1 left on base; Toronto 0 - Texas 0 |
BOTTOM OF THE 1ST |
Texas Rangers batting - Pitching for Toronto Blue Jays : RHP Kyle Gibson
|
Pitching: RHP Kyle Gibson
|
|
Batting: LHB Ender Inciarte
|
0-0: Bunt for hit - play at first, batter OUT! 1-3
|
Batting: SHB Cesar Hernandez
|
0-0: Ball 1-0: Called Strike 1-1: Fly out, F7 (Flyball, 7)
|
Batting: LHB Bryce Harper
|
0-0: Called Strike 0-1: Hit by Pitch
|
Batting: LHB Eric Thames
|
0-0: Called Strike 0-1: Ball 1-1: Called Strike 1-2: Foul Ball, location: 2F 1-2: Ball 2-2: Ball 3-2: Ground out 4-3 (Groundball, 4)
|
Bottom of the 1st over - 0 runs, 0 hits, 0 errors, 1 left on base; Toronto 0 - Texas 0 |
TOP OF THE 2ND |
Toronto Blue Jays batting - Pitching for Texas Rangers : RHP Yonny Chirinos
|
Batting: LHB Carlos Gonzalez
|
0-0: Foul Ball, location: 2F 0-1: Called Strike 0-2: SINGLE (Flyball, 8RS)
|
Batting: RHB Nicholas Castellanos
|
0-0: Called Strike 0-1: Ball 1-1: Foul Ball, location: 2F 1-2: Strikes out swinging
|
Batting: RHB Jorge Soler
|
0-0: Called Strike Carlos Gonzalez steals 2nd base 0-1: Ball 1-1: Fly out, F8 (Flyball, 8RM)
|
Batting: RHB Keon Broxton
|
0-0: Ball 1-0: SINGLE (Flyball, 9LM) Carlos Gonzalez to third Runner from 3rd tries for Home, SAFE, no throw
|
Batting: RHB Austin Hedges
|
0-0: Ball 1-0: Ball 2-0: SINGLE (Line Drive, 7LS) Keon Broxton to second
|
Batting: LHB Dee Gordon
|
0-0: Foul Ball, location: 2F 0-1: Fly out, F9 (Flyball, 9D)
|
Top of the 2nd over - 1 run, 3 hits, 0 errors, 2 left on base; Toronto 1 - Texas 0 |
BOTTOM OF THE 2ND |
Texas Rangers batting - Pitching for Toronto Blue Jays : RHP Kyle Gibson
|
Batting: SHB Jeimer Candelario
|
0-0: Ball 1-0: Fly out, F8 (Flyball, 8RS)
|
Batting: RHB Andrelton Simmons
|
0-0: Ball 1-0: Ball 2-0: Ball 3-0: Called Strike 3-1: Ground out 1-3 (Groundball, 13)
|
Batting: LHB Joc Pederson
|
0-0: Swinging Strike 0-1: Ball 1-1: SINGLE (Flyball, 89S)
|
Batting: SHB Asdrubal Cabrera
|
0-0: Swinging Strike 0-1: Ball 1-1: Swinging Strike 1-2: Foul Ball, location: 2F 1-2: Strikes out swinging
|
Bottom of the 2nd over - 0 runs, 1 hit, 0 errors, 1 left on base; Toronto 1 - Texas 0 |
TOP OF THE 3RD |
Toronto Blue Jays batting - Pitching for Texas Rangers : RHP Yonny Chirinos
|
Batting: RHB Elvis Andrus
|
0-0: Foul Ball, location: 2F 0-1: Foul Ball, location: 2F 0-2: Ball 1-2: Ball 2-2: Ground out 6-3 (Groundball, 56)
|
Batting: RHB Andrew McCutchen
|
0-0: Foul Ball, location: 2F 0-1: Foul Ball, location: 2F 0-2: Foul Ball, location: 2F 0-2: Ball 1-2: Ball 2-2: Foul Ball, location: 2F 2-2: Foul Ball, location: 2F 2-2: Fly out, F8 (Flyball, 8RD)
|
Batting: SHB Josh Bell
|
0-0: Foul Ball, location: 2F 0-1: Ground out U3 (Groundball, 3)
|
Top of the 3rd over - 0 runs, 0 hits, 0 errors, 0 left on base; Toronto 1 - Texas 0 |
BOTTOM OF THE 3RD |
Texas Rangers batting - Pitching for Toronto Blue Jays : RHP Kyle Gibson
|
Batting: RHB Max Stassi
|
0-0: Ball 1-0: Ball 2-0: Ball 3-0: Base on Balls
|
Batting: LHB Ender Inciarte
|
0-0: Called Strike 0-1: Foul Ball, location: 2F 0-2: Ball 1-2: Ball 2-2: Ball 3-2: Strikes out swinging
|
Batting: SHB Cesar Hernandez
|
0-0: Fly out, F8 (Flyball, 8LD)
|
Batting: LHB Bryce Harper
|
0-0: Called Strike 0-1: Called Strike 0-2: Strikes out looking
|
Bottom of the 3rd over - 0 runs, 0 hits, 0 errors, 1 left on base; Toronto 1 - Texas 0 |
TOP OF THE 4TH |
Toronto Blue Jays batting - Pitching for Texas Rangers : RHP Yonny Chirinos
|
Batting: LHB Carlos Gonzalez
|
0-0: Called Strike 0-1: Ball 1-1: Ball 2-1: Foul Ball, location: 2F 2-2: Fly out, F8 (Flyball, 8RM)
|
Batting: RHB Nicholas Castellanos
|
0-0: Ground out 3-1 (Groundball, 34)
|
Batting: RHB Jorge Soler
|
0-0: Called Strike 0-1: Ball 1-1: Ball 2-1: Foul Ball, location: 2F 2-2: Foul Ball, location: 2F 2-2: Ground out 3-1 (Groundball, 34)
|
Top of the 4th over - 0 runs, 0 hits, 0 errors, 0 left on base; Toronto 1 - Texas 0 |
BOTTOM OF THE 4TH |
Texas Rangers batting - Pitching for Toronto Blue Jays : RHP Kyle Gibson
|
Batting: LHB Eric Thames
|
0-0: Ball 1-0: Ball 2-0: Ball 3-0: Base on Balls
|
Batting: SHB Jeimer Candelario
|
0-0: Grounds into double play, 6-4-3 (Groundball, 6)
|
Batting: RHB Andrelton Simmons
|
0-0: Foul Ball, location: 2F 0-1: Ball 1-1: Ground out 5-3 (Groundball, 56)
|
Bottom of the 4th over - 0 runs, 0 hits, 0 errors, 0 left on base; Toronto 1 - Texas 0 |
TOP OF THE 5TH |
Toronto Blue Jays batting - Pitching for Texas Rangers : RHP Yonny Chirinos
|
Batting: RHB Keon Broxton
|
0-0: Ball 1-0: Ball 2-0: Called Strike 2-1: Ball 3-1: Foul Ball, location: 2F 3-2: Foul Ball, location: 2F 3-2: Strikes out looking
|
Batting: RHB Austin Hedges
|
0-0: Called Strike 0-1: SINGLE (Line Drive, 8LS)
|
Batting: LHB Dee Gordon
|
0-0: DOUBLE (Line Drive, 78M) Austin Hedges to third
|
Batting: RHB Elvis Andrus
|
0-0: Ball 1-0: Swinging Strike 1-1: Swinging Strike 1-2: Strikes out swinging
|
Batting: RHB Andrew McCutchen
|
0-0: Ball 1-0: Ball 2-0: Swinging Strike 2-1: SINGLE (Groundball, 34D) Austin Hedges scores Dee Gordon to third Runner from 3rd tries for Home, SAFE, no throw
|
Batting: SHB Josh Bell
|
0-0: Called Strike 0-1: DOUBLE (Line Drive, 7LM) Andrew McCutchen to third Runner from 3rd tries for Home, SAFE, no throw
|
Pitching: RHP Matt Bowman
|
|
Batting: LHB Carlos Gonzalez
|
0-0: Ground out 1-3 (Groundball, 34S)
|
Top of the 5th over - 3 runs, 4 hits, 0 errors, 1 left on base; Toronto 4 - Texas 0 |
BOTTOM OF THE 5TH |
Texas Rangers batting - Pitching for Toronto Blue Jays : RHP Kyle Gibson
|
Batting: LHB Joc Pederson
|
0-0: Called Strike 0-1: Called Strike 0-2: Ball 1-2: Foul Ball, location: 2F 1-2: Ball 2-2: Strikes out swinging
|
Batting: SHB Asdrubal Cabrera
|
0-0: Ball 1-0: Ball 2-0: Ball 3-0: Base on Balls
|
Batting: RHB Max Stassi
|
0-0: Ball 1-0: Ball 2-0: Swinging Strike 2-1: Ball 3-1: Called Strike 3-2: Foul Ball, location: 2F 3-2: Foul Ball, location: 2F 3-2: Base on Balls Asdrubal Cabrera to second
|
Batting: LHB Ender Inciarte
|
0-0: Ball 1-0: DOUBLE (Line Drive, 7LS) Asdrubal Cabrera scores Max Stassi to third
|
Batting: SHB Cesar Hernandez
|
0-0: Ball 1-0: Ball 2-0: Ball 3-0: Base on Balls
|
Batting: LHB Bryce Harper
|
0-0: Ball 1-0: Ball 2-0: Ball 3-0: Called Strike 3-1: Called Strike 3-2: Fly out, F7 (Flyball, 7LM) Runner from 3rd tags up, SCORES, throw made
|
Batting: LHB Eric Thames
|
0-0: Ball 1-0: Ball 2-0: Called Strike 2-1: Fly out, F9 (Flyball, 9LS)
|
Bottom of the 5th over - 2 runs, 1 hit, 0 errors, 2 left on base; Toronto 4 - Texas 2 |
TOP OF THE 6TH |
Toronto Blue Jays batting - Pitching for Texas Rangers : RHP Matt Bowman
|
Batting: RHB Nicholas Castellanos
|
0-0: Ball 1-0: Called Strike 1-1: Ground out 5-3 (Groundball, 56S)
|
Batting: RHB Jorge Soler
|
0-0: Ball 1-0: Ball 2-0: Ball 3-0: Base on Balls
|
Batting: RHB Keon Broxton
|
0-0: Ball 1-0: Called Strike 1-1: Called Strike 1-2: Strikes out looking
|
Batting: RHB Austin Hedges
|
0-0: Swinging Strike 0-1: Ball 1-1: Called Strike 1-2: Ball 2-2: Strikes out looking
|
Top of the 6th over - 0 runs, 0 hits, 0 errors, 1 left on base; Toronto 4 - Texas 2 |
BOTTOM OF THE 6TH |
Texas Rangers batting - Pitching for Toronto Blue Jays : RHP Kyle Gibson
|
Batting: SHB Jeimer Candelario
|
0-0: Called Strike 0-1: Ball 1-1: SOLO HOME RUN (Flyball, 89XD), Distance : 401 ft
|
Batting: RHB Andrelton Simmons
|
0-0: Called Strike 0-1: Ball 1-1: Ball 2-1: Ground out 6-3 (Groundball, 6)
|
Batting: LHB Joc Pederson
|
0-0: Called Strike 0-1: Swinging Strike 0-2: Foul Ball, location: 2F 0-2: Ball 1-2: Ball 2-2: SINGLE (Groundball, 34D)
|
Pitching: RHP Emilio Pagan
|
|
Batting: SHB Asdrubal Cabrera
|
0-0: Ball 1-0: Swinging Strike 1-1: Foul Ball, location: 2F 1-2: SINGLE (Groundball, 34) Joc Pederson to second Runner from 2nd tries for 3rd, SAFE, throw made to third
|
Batting: RHB Max Stassi
|
0-0: Ball 1-0: Ball 2-0: Called Strike 2-1: Swinging Strike 2-2: Strikes out looking Asdrubal Cabrera is caught stealing 2nd base Batter strikes out.
|
Bottom of the 6th over - 1 run, 3 hits, 0 errors, 1 left on base; Toronto 4 - Texas 3 |
TOP OF THE 7TH |
Toronto Blue Jays batting - Pitching for Texas Rangers : RHP Matt Bowman
|
Pitching: LHP Marc Rzepczynski
|
|
Batting: LHB Dee Gordon
|
0-0: Ball 1-0: Ball 2-0: Foul Ball, location: 2F 2-1: Called Strike 2-2: Foul Ball, location: 2F 2-2: Foul Ball, location: 2F 2-2: SINGLE (Line Drive, 4MD)
|
Batting: RHB Elvis Andrus
|
0-0: Ball 1-0: Sac Bunt - play at first, batter OUT! 1-4 Dee Gordon to second
|
Batting: RHB Andrew McCutchen
|
0-0: Intentional Walk
|
Batting: SHB Josh Bell
|
0-0: Called Strike Dee Gordon steals 3rd base Andrew McCutchen to second 0-1: Ground out 4-3 (Groundball, 6MS)
|
Batting: LHB Carlos Gonzalez
|
0-0: Ball 1-0: Called Strike 1-1: Fly out, F8 (Flyball, 8LD)
|
Top of the 7th over - 0 runs, 1 hit, 0 errors, 2 left on base; Toronto 4 - Texas 3 |
BOTTOM OF THE 7TH |
Texas Rangers batting - Pitching for Toronto Blue Jays : RHP Emilio Pagan
|
Batting: LHB Ender Inciarte
|
0-0: Called Strike 0-1: SINGLE (Line Drive, 7S)
|
Batting: SHB Cesar Hernandez
|
0-0: Called Strike 0-1: Ball 1-1: Foul Ball, location: 2F 1-2: Foul Ball, location: 2F 1-2: Foul Ball, location: 2F 1-2: Strikes out swinging Ender Inciarte steals 2nd base Batter strikes out.
|
Batting: LHB Bryce Harper
|
0-0: Foul Ball, location: 2F 0-1: Ball 1-1: Ball 2-1: Ball 3-1: Swinging Strike 3-2: Strikes out swinging
|
Batting: LHB Eric Thames
|
0-0: Ball 1-0: Foul Ball, location: 2F 1-1: DOUBLE (Line Drive, 89D) Ender Inciarte scores
|
Batting: SHB Jeimer Candelario
|
0-0: Called Strike 0-1: Ball 1-1: Foul Ball, location: 2F 1-2: Ball 2-2: Fly out, F8 (Flyball, 8RXD)
|
Bottom of the 7th over - 1 run, 2 hits, 0 errors, 1 left on base; Toronto 4 - Texas 4 |
TOP OF THE 8TH |
Toronto Blue Jays batting - Pitching for Texas Rangers : LHP Marc Rzepczynski
|
Pitching: RHP Trevor Hildenberger
|
|
Batting: RHB Nicholas Castellanos
|
0-0: Foul Ball, location: 2F 0-1: Ground out 4-3 (Groundball, 6MS)
|
Batting: RHB Jorge Soler
|
0-0: Ball 1-0: Ball 2-0: Fly out, F8 (Line Drive, 8LD)
|
Batting: RHB Keon Broxton
|
0-0: Ball 1-0: Called Strike 1-1: Called Strike 1-2: Strikes out swinging
|
Top of the 8th over - 0 runs, 0 hits, 0 errors, 0 left on base; Toronto 4 - Texas 4 |
BOTTOM OF THE 8TH |
Texas Rangers batting - Pitching for Toronto Blue Jays : RHP Emilio Pagan
|
Pitching: RHP Dellin Betances
|
|
Batting: RHB Andrelton Simmons
|
0-0: Called Strike 0-1: SINGLE (Groundball, 6MD)
|
Batting: LHB Joc Pederson
|
0-0: Called Strike 0-1: Ball 1-1: Called Strike 1-2: Ball 2-2: Foul Ball, location: 2F 2-2: Ball 3-2: Foul Ball, location: 2F 3-2: Fly out, F9 (Flyball, 9S)
|
Batting: SHB Asdrubal Cabrera
|
0-0: Ball 1-0: Foul Ball, location: 2F 1-1: Ball 2-1: Foul Ball, location: 2F 2-2: Fly out, F7 (Flyball, 7LS)
|
Batting: RHB Max Stassi
|
0-0: Ball 1-0: Ball 2-0: Foul Ball, location: 2F 2-1: Ball 3-1: Base on Balls Andrelton Simmons to second
|
Batting: LHB Ender Inciarte
|
0-0: Called Strike 0-1: Swinging Strike 0-2: Ball 1-2: Strikes out swinging
|
Bottom of the 8th over - 0 runs, 1 hit, 0 errors, 2 left on base; Toronto 4 - Texas 4 |
TOP OF THE 9TH |
Toronto Blue Jays batting - Pitching for Texas Rangers : RHP Trevor Hildenberger
|
Pitching: RHP Anthony Swarzak
|
|
Batting: RHB Austin Hedges
|
0-0: Called Strike 0-1: Foul Ball, location: 2F 0-2: Foul Ball, location: 2F 0-2: Ball 1-2: Ball 2-2: Ground out 6-3 (Groundball, 6)
|
Batting: LHB Dee Gordon
|
0-0: Ball 1-0: Ball 2-0: Foul Ball, location: 2F 2-1: Foul Ball, location: 2F 2-2: Strikes out swinging
|
Batting: RHB Elvis Andrus
|
0-0: Called Strike 0-1: Foul Ball, location: 2F 0-2: Ball 1-2: Ball 2-2: Fly out, F7 (Line Drive, 7D)
|
Top of the 9th over - 0 runs, 0 hits, 0 errors, 0 left on base; Toronto 4 - Texas 4 |
BOTTOM OF THE 9TH |
Texas Rangers batting - Pitching for Toronto Blue Jays : RHP Dellin Betances
|
Pitching: RHP Nathan Eovaldi
|
|
Batting: SHB Cesar Hernandez
|
0-0: Foul Ball, location: 2F 0-1: Ground out U3 (Groundball, 34)
|
Batting: LHB Bryce Harper
|
0-0: SINGLE (Groundball, 3D)
|
Batting: LHB Eric Thames
|
0-0: Foul Ball, location: 2F 0-1: Ball 1-1: Foul Ball, location: 2F 1-2: Ball 2-2: Fly out, F8 (Flyball, 8LM)
|
Batting: SHB Jeimer Candelario
|
0-0: Ball 1-0: Called Strike 1-1: Ball 2-1: Foul Ball, location: 2F 2-2: Foul Ball, location: 2F 2-2: Fly out, F9 (Line Drive, 9)
|
Bottom of the 9th over - 0 runs, 1 hit, 0 errors, 1 left on base; Toronto 4 - Texas 4 |
TOP OF THE 10TH |
Toronto Blue Jays batting - Pitching for Texas Rangers : RHP Anthony Swarzak
|
Pitching: RHP Will Harris
|
|
Batting: RHB Andrew McCutchen
|
0-0: Ball 1-0: Ball 2-0: DOUBLE (Line Drive, 8RXD)
|
Batting: SHB Josh Bell
|
0-0: Called Strike 0-1: Foul Ball, location: 2F 0-2: Foul Ball, location: 2F 0-2: Ball 1-2: Foul Ball, location: 2F 1-2: Foul Ball, location: 2F 1-2: Ball 2-2: Ground out 4-3 (Groundball, 34D) Andrew McCutchen to third
|
Batting: LHB Carlos Gonzalez
|
0-0: Swinging Strike 0-1: Ball 1-1: Ball 2-1: Fly out, F9 (Flyball, 9S)
|
Batting: RHB Nicholas Castellanos
|
0-0: Ball 1-0: Foul Ball, location: 2F 1-1: Swinging Strike 1-2: Strikes out looking
|
Top of the 10th over - 0 runs, 1 hit, 0 errors, 1 left on base; Toronto 4 - Texas 4 |
BOTTOM OF THE 10TH |
Texas Rangers batting - Pitching for Toronto Blue Jays : RHP Nathan Eovaldi
|
Pitching: RHP Trevor Rosenthal
|
|
Batting: RHB Andrelton Simmons
|
0-0: Ball 1-0: Foul Ball, location: 2F 1-1: Ground out 5-3 (Groundball, 56)
|
Batting: LHB Joc Pederson
|
0-0: Ball 1-0: Ball 2-0: Called Strike 2-1: Ground out U3 (Groundball, 34S)
|
Batting: SHB Asdrubal Cabrera
|
0-0: Ball 1-0: Called Strike 1-1: Ball 2-1: Called Strike 2-2: Foul Ball, location: 2F 2-2: Ball 3-2: Base on Balls
|
Batting: RHB Max Stassi
|
0-0: Foul Ball, location: 2F 0-1: Called Strike 0-2: Ball 1-2: Ball 2-2: Foul Ball, location: 2F 2-2: Foul Ball, location: 2F 2-2: Strikes out looking
|
Bottom of the 10th over - 0 runs, 0 hits, 0 errors, 1 left on base; Toronto 4 - Texas 4 |
TOP OF THE 11TH |
Toronto Blue Jays batting - Pitching for Texas Rangers : RHP Will Harris
|
Pitching: LHP Andrew Chafin
|
|
Batting: RHB Jorge Soler
|
0-0: Called Strike 0-1: Foul Ball, location: 2F 0-2: Ball 1-2: Foul Ball, location: 2F 1-2: Ball 2-2: Foul Ball, location: 2F 2-2: Strikes out swinging
|
Batting: RHB Keon Broxton
|
0-0: Foul Ball, location: 2F 0-1: Ball 1-1: Called Strike 1-2: Ball 2-2: Ground out 4-3 (Groundball, 4)
|
Pinch Hitting: RHB Derek Norris
|
0-0: Called Strike 0-1: Ball 1-1: Called Strike 1-2: Foul Ball, location: 2F 1-2: SOLO HOME RUN (Line Drive, 7D), Distance : 382 ft
|
Batting: LHB Dee Gordon
|
0-0: Fly out, F5 (Popup, 5SF)
|
Top of the 11th over - 1 run, 1 hit, 0 errors, 0 left on base; Toronto 5 - Texas 4 |
Friday, May 25th, 2018 - OOTP Baseball 19.5 Build 49
|
|